 Dungeon Crawl Stone Soup version 0.31-a0-963-ga325b2283a (webtiles) character file.

Game seed: 9541633067976308584

397 BinkBink the Shooter (level 6, -3/33 HPs)
             Began as a Spriggan Hunter on Oct 25, 2023.
             Slain by a wyvern (16 damage)
             ... on level 5 of the Dungeon.
             The game lasted 00:03:37 (3556 turns).

BinkBink the Shooter (Spriggan Hunter)              Turns: 3556, Time: 00:03:38

Health: -3/33      AC:  2    Str:  7    XL:     6   Next: 53%
Magic:  7/7        EV: 18    Int: 12    God:
Gold:   193        SH:  5    Dex: 21    Spells: 5/5 levels left

rFire   . . .        a - +0 shortbow
rCold   . . .        (shield currently unavailable)
rNeg    + . .        c - +0 robe
rPois   .            (helmet restricted)
rElec   .            (no cloak)
rCorr   +            (gloves unavailable)
SInv    +            (boots unavailable)
Will    +....        n - amulet of Coqea {Reflect Int+2 SH+5 SInv}
Stlth   ++           r - ring of positive energy
HPRegen 0.25/turn    t - ring of resist corrosion
MPRegen 0.10/turn

%: reflection
@: lethally poisoned (-3 -> -18), very quick
A: very small, no large weapons, unfitting armour, see invisible, speed 3
a: no special abilities


You were on level 5 of the Dungeon.
You visited 1 branch of the dungeon, and saw 5 of its levels.

You collected 193 gold pieces.

Inventory:

Hand Weapons
 a - a +0 shortbow (weapon)
Armour
 c - a +0 robe (worn)
Jewellery
 n - the amulet of Coqea (around neck) {Reflect Int+2 SH+5 SInv}
   (You found it on level 2 of the Dungeon)

   [amulet of reflection]

   Reflect:   It reflects blocked missile attacks.
   Int+2:     It affects your intelligence (+2).
   SInv:      It lets you see invisible.
   SH+5:      It affects your SH (+5).
 r - a ring of positive energy (left hand)
 t - a ring of resist corrosion (right hand)
Wands
 o - a wand of polymorph (10)
Scrolls
 b - a scroll of butterflies
 e - a scroll of amnesia {unknown}
 j - a scroll of summoning {unknown}
 k - 5 scrolls of identify {unknown}
 l - a scroll of silence {unknown}
 q - a scroll of teleportation {unknown}
 u - a scroll of poison {unknown}
Potions
 d - a potion of mutation {unknown}
 f - a potion of invisibility {unknown}
 g - 4 potions of lignification {unknown}
 h - a potion of heal wounds {unknown}
 i - 3 potions of might {unknown}
 m - 4 potions of curing {unknown}
 p - a potion of enlightenment {unknown}
 s - a potion of berserk rage {unknown}


   Skills:
 + Level 4.2 Fighting
 + Level 6.3 Ranged Weapons
 - Level 2.6 Dodging
 - Level 1.5 Stealth


You had 5 spell levels left.
You didn't know any spells.
Your spell library contained the following spells:

 Spells                   Type           Power      Damage    Failure   Level
 Magic Dart               Conj           0%         1d3       32%         1
 Searing Ray              Conj           0%         2d4       45%         2
 Fulminant Prism          Conj/Hex       0%         3d5       97%         4


Dungeon Overview and Level Annotations

Branches:
Dungeon (5/15)
 Temple: D:4-7

Altars:
Kikubaaqudgha

Annotations:
D:3 1 runed translucent door, Crazy Yiuf


Innate Abilities, Weirdness & Mutations

You are very small and have problems with some larger weapons.
You are too small for most types of armour.
You have supernaturally acute eyesight. (SInv)
You cover ground extremely quickly. (Speed+++)


Message History

The hound is heavily wounded.
The hound bites you but does no damage. The hound bites you.
You shoot an arrow. The arrow hits the hound.
The hound is severely wounded.
You block the hound's attack.
You shoot an arrow. The arrow hits the hound!
You kill the hound!
No target in view!
No target in view!
HP restored.
You see here a hound corpse.
A killer bee comes into view. x2; A wyvern comes into view.
You shoot an arrow. The killer bee buzzes angrily.
The wyvern hisses angrily.
The arrow hits the wyvern.
The wyvern is lightly wounded.
You hear an angry buzzing noise. x2
There is a stone staircase leading up here.
You block the killer bee's attack.
You climb upwards.
There is a stone staircase leading down here.
No target in view!
Done exploring.
You climb downwards.
The killer bee stings you but does no damage.
The killer bee stings you.
You are poisoned.
The killer bee poisons you!
A killer bee comes into view.
The killer bee stings you!
You are lethally poisoned!
The killer bee poisons you! The killer bee misses you.
You block the killer bee's attack. The killer bee closely misses you.
A killer bee comes into view.
There is a stone staircase leading up, spattered with blood here.
You feel very sick. The killer bee misses you.
The wyvern hisses menacingly.
The wyvern bites you!
You die...

#.. ##..## #..#
##y..## ##..##
##.....####
#....###y.........
#.......y..........
#..................
#..................
#...y....########..
#.>@l...## #.
#..y#...# #..###..#
##. ##.# #. #.# ##
##. .# ##


You could see a wyvern and 5 killer bees.

Vanquished Creatures
  An ogre (D:4)
  A vampire bat (D:4)
  4 hounds
  Natasha (twice) (D:4)
  2 adders
  3 worms
  A dart slug (D:4)
  An orc (D:4)
  6 ball pythons
  4 bat zombies (D:4)
  4 endoplasms
  3 giant cockroaches (D:1)
  6 hobgoblins
  8 jackals (D:1)
  4 quokkas
  2 bats
  5 frilled lizards
  3 goblins
  6 kobolds
  5 rats
71 creatures vanquished.

Notes
Turn   | Place    | Note
-------+----------+-------------------------------------------
     0 | D:1      | BinkBink the Spriggan Hunter began the quest for the Orb.
     0 | D:1      | Reached XP level 1. HP: 10/10 MP: 2/2
   134 | D:1      | Reached XP level 2. HP: 11/15 MP: 3/3
   422 | D:1      | Reached XP level 3. HP: 18/18 MP: 4/4
   907 | D:2      | Identified the amulet of Coqea {Reflect Int+2 SH+5 SInv}
   998 | D:2      | You fall into a shaft and drop 2 floors!
  1034 | D:4      | Reached XP level 4. HP: 15/23 MP: 5/5
  1334 | D:3      | Reached skill level 5 in Ranged Weapons
  1796 | D:3      | Found a runed translucent door.
  1797 | D:3      | Noticed Crazy Yiuf
  2514 | D:4      | Reached XP level 5. HP: 28/28 MP: 6/6
  2668 | D:4      | Noticed Natasha
  2987 | D:4      | Killed Natasha
  3029 | D:4      | Noticed an ogre
  3078 | D:4      | Killed an ogre
  3136 | D:4      | Reached XP level 6. HP: 33/33 MP: 7/7
  3228 | D:4      | Noticed Natasha
  3235 | D:4      | Killed Natasha
  3236 | D:4      | Reached skill level 6 in Ranged Weapons
  3270 | D:4      | Found an ancient bone altar of Kikubaaqudgha.
  3336 | D:5      | Entered Level 5 of the Dungeon
  3535 | D:5      | Noticed a wyvern
  3556 | D:5      | Slain by a wyvern

Illustrated notes

Levels and vault maps discovered:
D:1:      saegor_arrival_simple_c, layout_basic, dk_noncrumbling_4,
          minmay_small_reverse_x
D:2:      layout_rooms
D:3:      layout_loops_cross, uniq_crazy_yiuf_cottage
D:4:      layout_loops_ring, kennysheep_vampire_church, uniq_natasha
D:5:      layout_layer_cave, minmay_fountain_box, skrybe_limestone_x

Skill      XL: |  1  2  3  4  5  6 |
---------------+-------------------+-----
Fighting       | 2 3 4 |  4.2
Ranged Weapons | 5 6 |  6.3
Dodging        | |  2.6
Stealth        | |  1.5

Action                     |  1- 3 |  4- 6 || total
---------------------------+-------+-------++-------
   Fire: Shortbow          |   107 |   146 ||   253
 Armour: Robe              |    13 |    35 ||    48
  Dodge: Dodged            |    41 |    92 ||   133
  Block: Other             |     3 |    26 ||    29

Table legend: (Time is in decaauts)
 A = Elapsed time spent in this place.
 B = Non-inter-level travel time spent in this place.
 C = Inter-level travel time spent in this place.
 D = Time resting spent in this place.
 E = Time spent auto-exploring this place.
 F = Levels seen in this place.
 G = Mean time per level.
                   A        B        C        D        E       F      G
               +--------+--------+--------+--------+--------+-----+--------+
         Total |   2447 |   2306 |    141 |     53 |   1770 |   5 |  489.4 |
       Dungeon |   2447 |   2306 |    141 |     53 |   1770 |   5 |  489.4 |
               +--------+--------+--------+--------+--------+-----+--------+

Top non-repeatable levels by time:
     D:4: 1005 daAuts
     D:1: 610 daAuts
     D:3: 484 daAuts
     D:2: 280 daAuts
     D:5: 67 daAuts
